 Dungeon Crawl Stone Soup version 0.32-a0-938-g40ac7a0f4d (webtiles) character file.

Game seed: 9039767902585731176

63059 Foxy the Spear-Bearer (level 15, -10/180 HPs)
             Began as a Coglin Berserker on Apr 15, 2024.
             Was a High Priest of Trog.
             Incinerated by Shayle's ghost (12 damage)
             ... with a sticky flame
             ... on level 5 of the Lair of Beasts.
             The game lasted 00:40:09 (24699 turns).

Foxy the Spear-Bearer (Coglin Berserker)           Turns: 24699, Time: 00:40:09

Health: -10/180    AC: 17    Str: 25    XL:     15   Next: 8%
Magic:  15/15      EV: 13    Int:  6    God:    Trog [*****.]
Gold:   1581       SH:  0    Dex: 14    Spells: 14/14 levels left

rFire   x . .        V - +1 demon whip (venom) {Kansuke}
rCold   + + .        L - +5 eveningstar (heavy) {Gurmehar}
rNeg    . . .        o - +0 ice dragon scales
rPois   +            s - +0 helmet
rElec   +            q - +1 cloak
rCorr   .            l - +0 pair of gloves
SInv    .            t - +0 pair of boots of Negligence {rPois}
Will    ++...        (amulet unavailable) Stlth
                     (ring unavailable)
HPRegen 0.50/turn    (ring unavailable)
MPRegen 0.14/turn    T - turbomodule L-10 {AutoDazzle, rElec Will+}

%: no passive effects
@: berserking, lethally poisoned (-10 -> -22), on fire, glowing, revved, very
quick
A: off-hand wielding, slow wielding, warmup strikes, no jewellery
a: Renounce Religion, Berserk, Trog's Hand, Brothers in Arms


You were on level 5 of the Lair of Beasts.
You worshipped Trog.
Trog was extremely pleased with you.
You visited 2 branches of the dungeon, and saw 18 of its levels.
You also visited: Ossuary and Ice Cave.

You collected 1581 gold pieces.

Inventory:

Hand Weapons
 a - a +4 spear of freezing {Matsuko}
 E - the +8 broad axe of Innu Ogo {heavy, Int+4}
   (You found it on level 5 of the Lair of Beasts)

   Int+4:     It affects your intelligence (+4).
 L - a +5 heavy eveningstar (offhand) {Gurmehar}
 P - a +4 morningstar {Eanasir}
 V - a +1 demon whip of venom (weapon) {Kansuke}
Missiles
 d - a throwing net
 m - 25 poisoned darts (quivered)
 I - 5 datura-tipped darts
 J - a curare-tipped dart
Armour
 l - a +0 pair of gloves (worn)
 o - +0 ice dragon scales (worn)
 q - a +1 cloak (worn)
 s - a +0 helmet (worn)
 t - the +0 pair of boots of Negligence (worn) {rPois}
   (You found it on level 10 of the Dungeon)

   rPois:     It protects you from poison.
 O - a +2 leather armour of cold resistance
 R - a +0 leather armour of resistance
 S - +0 gold dragon scales
Gizmo
 T - a turbomodule L-10 (installed) {AutoDazzle, rElec Will+}
   (You invented it yourself on level 3 of the Lair of Beasts)

   [turbomodule L-10]

   AutoDazzle: It sometimes fires a blinding ray at enemies whose attacks you
   dodge.
   rElec:     It insulates you from electricity.
   Will+:     It increases your willpower.
Wands
 p - a wand of flame (44)
 F - a wand of polymorph (6)
 H - a wand of quicksilver (5)
 N - a wand of roots (10)
 Q - a wand of mindburst (17)
Scrolls
 c - 5 scrolls of teleportation
 e - 3 scrolls of amnesia
 h - 4 scrolls of vulnerability
 j - 5 scrolls of poison
 u - 3 scrolls of fog
 v - 3 scrolls of enchant weapon
 x - 4 scrolls of fear
 y - 4 scrolls of enchant armour
 B - a scroll of immolation
 C - a scroll of blinking
 D - 2 scrolls of brand weapon
 K - 2 scrolls of silence
 M - 4 scrolls of revelation
 W - 2 scrolls of identify
Potions
 b - 5 potions of heal wounds
 f - 10 potions of curing
 g - 2 potions of cancellation
 i - 2 potions of haste {unknown}
 k - 9 potions of lignification
 n - 5 potions of attraction
 r - a potion of resistance
 w - 7 potions of mutation {unknown}
 z - 2 potions of magic {unknown}
 A - 3 potions of invisibility
 G - 3 potions of enlightenment {unknown}
 U - a potion of might
 X - a potion of degeneration {unknown}


   Skills:
 + Level 12.1 Fighting
 * Level 11.9 Maces & Flails
 - Level 13.5 Polearms
 + Level 6.0 Armour
 - Level 9.2 Dodging
 - Level 10.0 Evocations


You had 14 spell levels left.
You didn't know any spells.
Your spell library was empty.

Dungeon Overview and Level Annotations

Branches:
Dungeon (13/15)            Temple (0/1) D:4            Lair (5/5) D:10
 Shoals (0/4) Lair:2       Spider (0/4) Lair:3        Slime (0/5) Lair:4
    Orc (0/2) D:9         Ossuary (visited)           IceCv (visited)
 Vaults: D:13-14

Altars:
Ashenzari
Cheibriados
Kikubaaqudgha
Nemelex Xobeh
Ru
Trog
Wu Jian
Xom
Yredelemnul

Shops:
D:4 *

Annotations:
D:4 1 runed translucent door, Ikimono's ghost, amateur DgEE
D:11 3 runed translucent doors
Lair:2 exclusion: ice statue, Sonja
Lair:4 exclusion: 4 oklob plants
Lair:5 exclusion: obsidian statue


Innate Abilities, Weirdness & Mutations

You can wield a second weapon in your off-hand.
It takes a long time for you to wield or remove held weapons.
Your first few attacks do less damage.
You cannot equip rings or amulets.


Message History

You hit Shayle's ghost with your +1 demon whip of venom.
The liquid fire burns you!
* * * LOW HITPOINT WARNING * * *
You feel sick.
* * * LOW HITPOINT WARNING * * *
You are more poisoned.
Shayle's ghost casts a spell at you. The sting hits you.
You are more poisoned.
You partially resist.
* * * LOW HITPOINT WARNING * * *
You completely miss Shayle's ghost with your +5 heavy eveningstar.
Shayle's ghost is lightly damaged.
You closely miss Shayle's ghost with your +1 demon whip of venom.
The liquid fire burns you!
* * * LOW HITPOINT WARNING * * *
You feel very sick.
Unknown command.
You perforate Shayle's ghost like a sieve with your +5 heavy eveningstar!!!
Shayle's ghost is severely damaged.
You barely miss Shayle's ghost with your +1 demon whip of venom.
The liquid fire burns you!
* * * LOW HITPOINT WARNING * * *
x2 You feel sick.
* * * LOW HITPOINT WARNING * * *
You are more poisoned.
Shayle's ghost hits you but does no damage.
You are too berserk!
Press: ? - help, v - describe, . - travel
Here: Shayle's ghost (severely damaged, radiating toxic energy)
A large open translucent door.
You are too berserk!
You are too berserk!
Unknown command.
You spit Shayle's ghost like a pig with your +5 heavy eveningstar!!!
You destroy Shayle's ghost!
Trog accepts your kill.
Trog appreciates your killing of a magic user.
The liquid fire burns you!
You die...

####.###..#......#...##......
#............................
#............................
##.###.#..P..########.#####..
#.# #####...##.~#####.###P..
##.########..#.~#.##.##.##†..
##...##.#.#...#.ß.§##......†P.
#.#...........'~..:.#......P..
###..........@'.#~.##.........
#.......#...#..~.≈#...#....#
######..##..#[≈$###...##....
##### ##...####.##.##...###..#
#.#.###....##########..#.#....
##...P...........#P....P.#P...
#.P...........................
#.............................
###............##...#.#.......


There were no monsters in sight!

Vanquished Creatures
  Kirke (Lair:4)
  The ghost of Shayle the Scorcher, a journeyman CoAl of Vehumet (Lair:5)
  4 dire elephants (Lair:5)
  Snorg (D:11)
  Josephine (D:10)
  Harold (Lair:2)
  An ogre mage (D:9)
  2 hydras (Lair:4)
  2 catoblepae
  Erica (Lair:2)
  A death yak (Lair:5)
  4 two-headed ogres
  Amaemon (Lair:2)
  A pharaoh ant (Lair:3)
  A spectral anaconda (Lair:5)
  Pikel (D:5)
  2 bog bodies (IceCv)
  3 necromancers (Lair:5)
  4 ugly things
  3 cyclopes
  15 elephants
  3 manticores
  Joseph (D:7)
  5 black mambas
  An ice statue (IceCv)
  2 dire elephant skeletons (Lair:5)
  14 cane toads
  3 unseen horrors
  A torpor snail (Lair:5)
  An orange demon (Lair:2)
  4 rime drakes
  2 freezing wraiths
  8 komodo dragons
  4 polar bears
  2 polar bears (shapeshifter) (D:9)
  3 trolls (D:10)
  A tyrant leech (Lair:5)
  A jumping spider (Lair:3)
  6 dream sheep (Lair:5)
  A spectral elephant (Lair:5)
  10 blink frogs
  Sigmund (D:3)
  3 shadows
  3 slime creatures (D:12)
  A spriggan (shapeshifter) (D:9)
  27 yaks
  5 wraiths
  A wyvern (Lair:5)
  4 basilisks
  2 hogs (Lair:3)
  A death yak simulacrum (Lair:5)
  2 steam dragons
  7 vampire mosquitoes (D:9)
  3 swamp worms (Lair:5)
  An acid dragon (D:11)
  13 water moccasins
  2 sky beasts (D:7)
  2 black bears
  6 orc warriors
  9 ice beasts
  An ogre (D:7)
  14 wolves
  An elephant skeleton (Lair:5)
  3 centaurs
  3 lemures (D:5)
  A phantom (D:5)
  8 bullfrogs
  3 kobold brigands
  2 gnoll sergeants
  14 scorpions
  8 two-headed ogre simulacra (IceCv)
  3 cane toad simulacra
  A wyvern zombie (D:9)
  25 wights
  4 elephant simulacra
  11 killer bees
  7 electric eels (D:7)
  14 howler monkeys
  3 centaur zombies (Ossuary)
  4 orc priests
  2 bombardier beetles (D:7)
  3 jellies
  3 human zombies (Ossuary)
  A sleepcap (D:6)
  Crazy Yiuf (D:2)
  A gnoll bouda (D:9)
  3 hounds
  3 scorpion zombies (Ossuary)
  18 orc wizards
  10 iguanas
  7 troll simulacra (IceCv)
  6 hell rats (Lair:3)
  5 polar bear simulacra (IceCv)
  5 spriggan simulacra (IceCv)
  3 wolf simulacra (IceCv)
  3 mummies (Ossuary)
  19 gnolls
  4 adders
  5 naga simulacra (IceCv)
  11 white imps
  2 ufetubi (IceCv)
  An adder zombie (Ossuary)
  A ribbon worm (D:3)
  2 dart slugs (D:1)
  42 orcs
  6 endoplasms
  3 giant cockroaches
  3 gnoll zombies (Ossuary)
  5 hobgoblins
  2 jackals (D:3)
  4 quokkas
  12 ball pythons
  3 ball python zombies (Ossuary)
  7 bats
  5 frilled lizards
  5 goblins
  4 jackal zombies (Ossuary)
  21 kobolds
  An orc zombie (Ossuary)
  7 rats
596 creatures vanquished.

Vanquished Creatures (others)
  A wyvern (D:10)
  3 humans (Lair:4)
  A killer bee (D:10)
  An ufetubus (IceCv)
6 creatures vanquished.

Grand Total: 602 creatures vanquished

Notes
Turn   | Place    | Note
-------+----------+-------------------------------------------
     0 | D:1      | Foxy the Coglin Berserker began the quest for the Orb.
     0 | D:1      | Reached XP level 1. HP: 18/18 MP: 1/1
    50 | D:1      | Reached XP level 2. HP: 24/24 MP: 2/2
    52 | D:1      | Reached skill level 3 in Polearms
   607 | D:1      | Reached XP level 3. HP: 27/29 MP: 3/3
   781 | D:2      | Reached ** piety under Trog
  1350 | D:2      | Found a runed translucent door.
  1351 | D:2      | Noticed Crazy Yiuf
  1460 | D:2      | Killed Crazy Yiuf
  1461 | D:2      | Reached XP level 4. HP: 15/35 MP: 4/4
  1898 | D:3      | Noticed a centaur
  1910 | D:3      | Killed a centaur
  1911 | D:3      | Reached skill level 1 in Maces & Flails
  1911 | D:3      | Reached skill level 4 in Polearms
  1911 | D:3      | Reached XP level 5. HP: 7/42 MP: 5/5
  2059 | D:3      | Found a broken altar of Ashenzari.
  2070 | D:3      | Noticed Sigmund
  2074 | D:3      | Killed Sigmund
  2075 | D:3      | Reached XP level 6. HP: 48/48 MP: 6/6
  2388 | D:3      | Found a shimmering altar of Xom.
  2401 | D:3      | Reached skill level 5 in Polearms
  2401 | D:3      | Reached XP level 7. HP: 55/55 MP: 7/7
  2479 | D:3      | Found a basalt altar of Yredelemnul.
  2664 | D:4      | Found a staircase to the Ecumenical Temple.
  2687 | D:4      | Found a bloodstained altar of Trog.
  2775 | D:4      | Found a sparkling altar of Nemelex Xobeh.
  2857 | D:4      | Found a sand-covered staircase.
  2888 | Ossuary  | Entered an ossuary
  3000 | Ossuary  | Reached XP level 8. HP: 55/61 MP: 8/8
  3042 | Ossuary  | Reached skill level 5 in Fighting
  3042 | Ossuary  | Reached skill level 6 in Polearms
  3132 | Ossuary  | Reached *** piety under Trog
  3532 | D:4      | Found Lisife's Assorted Antiques.
  3653 | D:4      | Found a runed translucent door.
  3659 | D:4      | Noticed Ikimono's ghost (amateur DgEE)
  3762 | D:4      | You fall into a shaft and drop 2 floors!
  4009 | D:6      | Reached skill level 7 in Polearms
  4408 | D:6      | Reached XP level 9. HP: 69/69 MP: 9/9
  4412 | D:5      | Entered Level 5 of the Dungeon
  4436 | D:5      | Found an ornate altar of the Wu Jian Council.
  4467 | D:5      | Found a sacrificial altar of Ru.
  4877 | D:5      | Reached skill level 5 in Dodging
  4942 | D:5      | Reached **** piety under Trog
  4979 | D:5      | Noticed Pikel
  4995 | D:5      | Killed Pikel
  5387 | D:6      | Reached skill level 8 in Polearms
  5698 | D:7      | Reached skill level 5 in Maces & Flails
  6364 | D:7      | Reached XP level 10. HP: 66/77 MP: 10/10
  6859 | D:7      | Killed an unseen horror
  7323 | D:7      | Noticed Joseph
  7354 | D:7      | Killed Joseph
  7355 | D:7      | Reached skill level 9 in Polearms
  9107 | D:9      | Noticed a two-headed ogre
  9110 | D:9      | Reached skill level 10 in Polearms
  9220 | D:9      | Killed a two-headed ogre
  9221 | D:9      | Reached skill level 1 in Evocations
  9221 | D:9      | Reached XP level 11. HP: 65/86 MP: 11/11
  9363 | D:9      | Noticed a green ugly thing
  9394 | D:9      | Killed a green ugly thing
  9481 | D:9      | Noticed a two-headed ogre
  9489 | D:9      | Killed a two-headed ogre
  9627 | D:9      | Reached ***** piety under Trog
  9802 | D:9      | Found a snail-covered altar of Cheibriados.
 10176 | D:9      | Noticed a two-headed ogre
 10182 | D:9      | Killed a two-headed ogre
 10184 | D:9      | Noticed a swamp dragon
 10233 | D:9      | Noticed a white ugly thing
 10377 | D:9      | Killed a white ugly thing
 10498 | D:9      | Noticed a cyan ugly thing
 10499 | D:9      | Noticed an ogre mage
 10525 | D:9      | Killed a cyan ugly thing
 10526 | D:9      | Reached skill level 11 in Polearms
 10529 | D:9      | Killed an ogre mage
 10864 | D:9      | Found a staircase to the Orcish Mines.
 11009 | D:10     | Entered Level 10 of the Dungeon
 11009 | D:10     | Noticed a two-headed ogre
 11012 | D:10     | Killed a two-headed ogre
 11024 | D:10     | Reached XP level 12. HP: 62/95 MP: 12/12
 11025 | D:10     | Noticed Josephine
 11385 | D:10     | Reached skill level 5 in Evocations
 11537 | D:10     | Killed Josephine
 11586 | D:10     | Received a gift from Trog
 12172 | D:10     | Identified the +0 pair of boots of Negligence {rPois}
 12246 | D:10     | Found an ancient bone altar of Kikubaaqudgha.
 12397 | D:10     | Found a staircase to the Lair.
 12546 | D:11     | Noticed a death yak
 12547 | D:11     | Found a runed translucent gate.
 12547 | D:11     | Noticed a death yak
 12547 | D:11     | Noticed a death yak
 12548 | D:11     | Found a runed translucent gate.
 12548 | D:11     | Found a runed translucent gate.
 12886 | D:11     | Noticed Snorg
 12895 | D:11     | Killed Snorg
 13654 | D:12     | Reached skill level 12 in Polearms
 13876 | D:12     | Found a frozen archway.
 14012 | IceCv    | Entered an ice cave
 15420 | D:12     | Reached XP level 13. HP: 82/103 MP: 13/13
 15672 | D:12     | Reached skill level 10 in Fighting
 16076 | Lair:1   | Entered Level 1 of the Lair of Beasts
 17425 | Lair:2   | Reached skill level 13 in Polearms
 17500 | Lair:2   | Received a gift from Trog
 17500 | Lair:2   | Noticed Erica
 17620 | Lair:2   | Killed Erica
 17991 | Lair:2   | Found a staircase to the Shoals.
 18060 | Lair:2   | Noticed Harold
 18062 | Lair:2   | Found the +8 frozen axe "Frostbite" {freeze, freezing
                  | cloud, *Noise Fly rC+}
 18075 | Lair:2   | Killed Harold
 18075 | Lair:2   | Noticed Sonja
 18876 | Lair:2   | Identified the +0 robe "Jaxzalusm" {Fly rN+ Dex-4}
 18905 | Lair:2   | Noticed Amaemon
 18911 | Lair:2   | Killed Amaemon
 19021 | Lair:2   | Reached XP level 14. HP: 111/111 MP: 14/14
 19119 | Lair:3   | Acquired a turbomodule L-10 {AutoDazzle, rElec Will+}
 19994 | Lair:3   | Found a hole to the Spider Nest.
 20399 | Lair:3   | Reached skill level 10 in Maces & Flails
 20947 | Lair:4   | Noticed Kirke
 21213 | Lair:4   | Killed Kirke
 21214 | Lair:4   | Reached skill level 10 in Evocations
 21596 | Lair:4   | Found a staircase to the Slime Pits.
 21829 | Lair:4   | Received a gift from Trog
 22298 | Lair:5   | Entered Level 5 of the Lair of Beasts
 22305 | Lair:5   | Found a basalt altar of Yredelemnul.
 22602 | Lair:5   | Reached skill level 5 in Armour
 22652 | Lair:5   | Noticed a dire elephant
 22652 | Lair:5   | Noticed a dire elephant
 22652 | Lair:5   | Noticed a dire elephant
 22653 | Lair:5   | Noticed a dire elephant
 22666 | Lair:5   | Killed a dire elephant
 23124 | Lair:5   | Identified the amulet "Uwith" {Faith Regen+ Dex+2 SInv}
 23394 | Lair:5   | Found a large runed translucent door.
 23394 | Lair:5   | Found a large runed translucent door.
 23397 | Lair:5   | Noticed Shayle's ghost (journeyman CoAl)
 23677 | Lair:5   | Identified the +8 broad axe of Innu Ogo {heavy, Int+4}
 23950 | Lair:5   | Received a gift from Trog
 24032 | Lair:5   | Killed a dire elephant
 24041 | Lair:5   | Reached XP level 15. HP: 101/120 MP: 15/15
 24698 | Lair:5   | HP: 5/180 [burnt (16)]
 24698 | Lair:5   | HP: 2/180 [Shayle's ghost/Olgreb's Toxic Radiance (1)]
 24699 | Lair:5   | Killed Shayle's ghost
 24699 | Lair:5   | Incinerated by Shayle's ghost

Illustrated notes

Levels and vault maps discovered:
D:1:      dpeg_arrival_renting, layout_rooms, nicolae_the_louvre
D:2:      layout_basic, uniq_crazy_yiuf_cottage
D:3:      layout_loops_ring, mainiacjoe_overflow_tiny_flanked,
          mainiacjoe_overflow_paths, yredelemnul_altar_generic,
          hangedman_decor_slide_cut, uniq_sigmund
D:4:      layout_loops_ring, lemuel_doored_altar, lightli_temple_of_fire,
          minmay_temple_entry_gardened_gates, ebering_ghost_reflecting_pool,
          nicolae_ossuary_entry_ruins, serial_shops,
          nicolae_shop_overgrown_old_shop
D:5:      layout_basic, nicolae_wu_jian_immortal_techniques, lemuel_round_altar,
          uniq_pikel
D:6:      layout_cave_pods, serial_column_ruins, column_ruins_hut_water,
          column_ruins_columns_straight, column_ruins_open_small_water,
          column_ruins_open_medium_water, column_ruins_columns_dead_end,
          column_ruins_corridor_plus, column_ruins_columns_corner
D:7:      layout_loops_ring, serial_bayou, serial_bayou_pond_b,
          serial_bayou_ford_a, serial_bayou_lake_a, serial_bayou_crossing,
          minmay_puff, uniq_joseph
D:8:      layout_basic, minmay_liquid_box
D:9:      regret_index_malice_mire, layout_basic,
          mainiacjoe_overflow_concentric_impassable, hiddenorc1_lemuel
D:10:     layout_basic, mainiacjoe_overflow_surrounded_room, lair_entry_dummy,
          st_stairs_10, minmay_misc_feat_room, kennysheep_generic_room_3,
          uniq_josephine
D:11:     lemuel_bear_cage, layout_loops_ring, uniq_snorg
D:12:     layout_roguey, portal_ice_cave_entry_animals_and_master
D:13:     layout_rooms, minmay_statues_item
Lair:1:   layout_concentric_octagons
Lair:2:   layout_gridlike, minmay_shoals_entry_centaurs, ice2_lemuel,
          serial_bayou_shore_b, grunt_megastairs_3, infiniplex_staircase_pool_2,
          uniq_sonja, uniq_amaemon, uniq_harold, uniq_erica
Lair:3:   nzn_motion_control, layout_layer_cave,
          nicolae_spider_entry_lesser_pyramids, serial_bayou_shore_b
Lair:4:   layout_gridlike, minmay_slime_entry_oklob_open, grunt_megastairs_5,
          serial_bayou_shore_b, uniq_kirke
Lair:5:   due_jungle_book, layout_small_grid, ebering_ghost_disaster_area,
          basic_altar, minmay_hedge_maze, worms_lemuel

Skill      XL: |  1  2  3  4  5  6  7  8  9 10 11 12 13 14 15 |
---------------+----------------------------------------------+-----
Polearms       | 3 4 5 7 8 10 11 12 13 | 13.5
Dodging        | 2 3 4 5 7 8 9 |  9.2
Maces & Flails | 1 2 3 4 5 6 7 8 9 11 | 11.9
Fighting       | 4 5 6 8 9 10 12 | 12.1
Evocations     | 1 4 7 9 10 | 10.0
Armour         | 3 5 6 |  6.0

Action                     |  1- 3 |  4- 6 |  7- 9 | 10-12 | 13-15 || total
---------------------------+-------+-------+-------+-------+-------++-------
  Melee: Spear             |    77 |    71 |     7 |   562 |   247 ||   964
         Dagger            |    45 |       |       |       |       ||    45
         Whip              |     8 |    38 |   280 |   138 |       ||   464
         Trident           |       |       |   350 |   130 |       ||   480
         Morningstar       |       |       |       |   468 |   138 ||   606
         Eveningstar       |       |       |       |       |   360 ||   360
         Demon whip        |       |       |       |       |   229 ||   229
         Unarmed           |       |       |       |       |    13 ||    13
  Throw: Dart              |       |       |       |     4 |       ||     4
 Invoke: Berserk           |     2 |     3 |     4 |    13 |    14 ||    36
Ability: Invent Gizmo      |       |       |       |       |     1 ||     1
  Evoke: Wand              |       |       |     8 |     3 |     3 ||    14
    Use: Scroll            |       |       |    13 |     7 |    10 ||    30
         Potion            |       |       |       |     1 |     5 ||     6
   Stab: Sleeping          |     1 |     4 |       |       |       ||     5
         Distracted        |       |       |     1 |     2 |       ||     3
         Invisible         |       |       |       |       |     9 ||     9
 Armour: Animal skin       |    34 |    43 |    10 |       |       ||    87
         Ring mail         |       |       |   213 |    93 |       ||   306
         Steam dragon scal |       |       |       |    57 |       ||    57
         Leather armour    |       |       |       |   264 |       ||   264
         Ice dragon scales |       |       |       |    56 |   496 ||   552
         Skin              |       |       |       |       |    11 ||    11
  Dodge: Dodged            |    27 |    25 |   154 |   316 |   312 ||   834

Table legend: (Time is in decaauts)
 A = Elapsed time spent in this place.
 B = Non-inter-level travel time spent in this place.
 C = Inter-level travel time spent in this place.
 D = Time resting spent in this place.
 E = Time spent auto-exploring this place.
 F = Levels seen in this place.
 G = Mean time per level.
                   A        B        C        D        E       F      G
               +--------+--------+--------+--------+--------+-----+--------+
         Total |  24927 |  24123 |    804 |   5826 |  13230 |  20 | 1246.3 |
       Dungeon |  14274 |  13696 |    578 |   2673 |   8021 |  13 | 1098.0 |
          Lair |   8744 |   8518 |    226 |   2605 |   4621 |   5 | 1748.8 |
       Ossuary |    600 |    600 |      0 |     49 |    216 |   1 |  600.0 |
      Ice Cave |   1307 |   1307 |      0 |    497 |    370 |   1 | 1307.0 |
               +--------+--------+--------+--------+--------+-----+--------+

Top non-repeatable levels by time:
     D:9: 2574 daAuts
  Lair:5: 2439 daAuts
     D:7: 2123 daAuts
  Lair:2: 1935 daAuts
  Lair:1: 1728 daAuts
  Lair:3: 1518 daAuts
   IceCv: 1307 daAuts
    D:10: 1163 daAuts
    D:12: 1159 daAuts
  Lair:4: 1122 daAuts
     D:8: 1101 daAuts
    D:11: 1073 daAuts
     D:3: 1058 daAuts
     D:6: 941 daAuts
     D:2: 926 daAuts
